 Dungeon Crawl Stone Soup version 0.19.1 (webtiles) character file.

168 Krapule the Vandal (level 5, -2/35 HPs)
             Began as a Halfling Hunter on Dec 1, 2016.
             Killed by nerve-wracking pain
             ... invoked by an orc priest
              (11 damage)
             ... on level 3 of the Dungeon.
             The game lasted 00:06:11 (2309 turns).

Krapule the Vandal (Halfling Hunter)                Turns: 2309, Time: 00:06:12

Health: -2/35      AC:  6    Str: 14    XL:     5   Next: 77%
Magic:  5/5        EV: 15    Int:  9    God:
Gold:   157        SH:  0    Dex: 15    Spells: 0 memorised, 4 levels left

rFire  . . .     SeeInvis .     a - +1 hunting sling
rCold  . . .     Gourm    .     c - +0 leather armour
rNeg   . . .     Faith    .     (shield restricted)
rPois  .         Spirit   .     (no helmet)
rElec  .         Reflect  .     j - +1 cloak
rCorr  .         Harm     .     h - +0 pair of gloves
MR     .....                    (no boots)
Stlth  ++........               (no amulet)
                                (no ring)
                                (no ring)

@: no status effects
A: mutation resistance 1
a: no special abilities


You were on level 3 of the Dungeon.
You were not hungry.

You visited 1 branch of the dungeon, and saw 3 of its levels.

You collected 157 gold pieces.

Inventory:

Hand Weapons
 a - a +1 hunting sling (weapon)
 b - a +0 hand axe
 y - a +0 short sword
Missiles
 d - 34 sling bullets
 e - 22 stones (quivered)
 p - a throwing net
Armour
 c - a +0 leather armour (worn)
 h - a +0 pair of gloves (worn)
 j - a +1 cloak (worn)
Jewellery
 l - an uncursed ring of protection from cold {unknown}
 q - an uncursed ring of ice {unknown}
 v - an uncursed ring of protection from cold {unknown}
Scrolls
 g - 4 scrolls of identify {unknown}
 i - a scroll of fog {unknown}
 k - 3 scrolls of recharging {unknown}
 m - a scroll of noise {unknown}
 r - a scroll of teleportation {unknown}
 u - a scroll of enchant armour {unknown}
 B - a scroll of enchant weapon {unknown}
 C - a scroll of remove curse {unknown}
Potions
 o - 2 potions of berserk rage {unknown}
 s - 2 potions of agility {unknown}
 x - a potion of resistance {unknown}
 z - 2 potions of curing {unknown}
Comestibles
 f - 3 bread rations
 n - 3 fruits
 t - a meat ration
 w - a royal jelly


   Skills:
 + Level 2.7 Fighting
 + Level 6.6 Slings
 + Level 2.5 Armour
 + Level 3.1 Dodging
 + Level 2.7 Stealth


You had 4 spell levels left.
You didn't know any spells.

Dungeon Overview and Level Annotations

Branches:
Dungeon (3/15)

Altars:
Elyvilon
Trog
Vehumet


Innate Abilities, Weirdness & Mutations

You are small and have problems with some larger weapons.
You are somewhat resistant to further mutation.


Message History

Press: ? - help, Shift-Dir - straight line, f/p - orc priest
Aim: an orc priest, wielding a falchion (heavily wounded)
You shoot a stone. The stone hits the orc priest.
The orc priest is severely wounded.
You hear some strange, mumbled words.
A puff of flame appears from out of thin air!
The puff of flame hits you!
* * * LOW HITPOINT WARNING * * *
The orc priest closely misses you.
You are too injured to fight recklessly!
You hear some strange, mumbled words.
A puff of flame appears from out of thin air!
The puff of flame hits you!
* * * LOW HITPOINT WARNING * * *
Found a stone staircase leading down.
You are too injured to fight recklessly!
You are too injured to fight recklessly!
The orc priest calls down the wrath of Beogh upon you.
Pain shoots through your body!
You die...

#. #.# ... >.. # #.# #.#
#.#.# #.# #.#.# #.# ...#
#.# ####.####.#####.##.
#..(.(..oo.@......8
######.#..((..{#####.##.
...?......######
....(.(..(.#####
...#..8.(......#
.((#(.(....###(##
.P.()..÷..###...###
P...(...(.#≈≈...≈≈#
.##..####)#≈..♣..≈##


You could see an orc priest and an orc.

Vanquished Creatures
  A hound zombie (D:3)
  A hound skeleton (D:3)
  A howler monkey skeleton (D:3)
  2 adders (D:2)
  4 gnolls (D:2)
  2 adder zombies (D:3)
  2 worms
  A leopard gecko (D:1)
  2 orcs (D:3)
  3 giant cockroaches
  3 goblins
  9 hobgoblins
  11 jackals
  A quokka (D:3)
  3 bats
  3 frilled lizards
  5 kobolds
  A quokka skeleton (D:3)
  3 rats (D:1)
58 creatures vanquished.

Vanquished Creatures (others)
  A hobgoblin (D:3)
1 creature vanquished.

Grand Total: 59 creatures vanquished

Notes
Turn   | Place    | Note
-------+----------+-------------------------------------------
     0 | D:1      | Krapule the Halfling Hunter began the quest for the Orb.
     0 | D:1      | Reached XP level 1. HP: 14/14 MP: 1/1
   296 | D:1      | Reached XP level 2. HP: 17/19 MP: 2/2
   445 | D:1      | Reached skill level 1 in Armour
   486 | D:1      | Reached XP level 3. HP: 23/24 MP: 3/3
   553 | D:1      | Reached skill level 6 in Slings
   826 | D:2      | Reached XP level 4. HP: 12/29 MP: 4/4
  1153 | D:2      | Found a radiant altar of Vehumet.
  1539 | D:2      | Found a bloodstained altar of Trog.
  1700 | D:2      | Reached XP level 5. HP: 27/35 MP: 5/5
  2016 | D:3      | Found a white marble altar of Elyvilon.
  2309 | D:3      | Killed from afar by an orc priest

Skill      XL: |  1  2  3  4  5 |
---------------+----------------+-----
Fighting       | 2 |  2.7
Armour         | 1 2 |  2.5
Slings         | 6 |  6.6
Stealth        | 2 |  2.7
Dodging        | 3 |  3.1

Action                   |  1- 3 |  4- 6 || total
-------------------------+-------+-------++-------
Melee: Short sword       |     9 |    16 ||    25
       Hand axe          |       |    35 ||    35
 Fire: Hunting sling     |    86 |   110 ||   196
  Eat: Chunk             |       |     4 ||     4
Armor: Leather armour    |    12 |    12 ||    24
Dodge: Dodged            |    44 |    57 ||   101
